 Dungeon Sprint DCSS version 0.16-a0-3873-g452e4d5 (webtiles) character file.

15829 BluebellGnoll the Spry (level 12, -3/73 HPs)
             Began as a Spriggan Enchanter on Feb 1, 2015.
             Was the Champion of Vehumet.
             Killed by the raging water
             ... invoked by a water nymph
              (19 damage)
             ... in the Dungeon (Sprint IX: "|||||||||||||||||||||||||||||").
             The game lasted 00:23:00 (2948 turns).

BluebellGnoll the Spry (Spriggan Enchanter)         Turns: 2948, Time: 00:23:01

Health: -3/73      AC:  6    Str:  4    XL:     12   Next: 4%
Magic:  28/38      EV: 33    Int: 28    God:    Vehumet [******]
Gold:   109        SH:  0    Dex: 16    Spells: 10 memorised, 12 levels left

rFire  . . .     SeeInvis +     G - +8 quick blade
rCold  . . .     Clarity  .     w - +2 robe {MR+}
rNeg   . . .     SustAb   .     (shield restricted)
rPois  .         Gourm    .     (helmet restricted)
rElec  .         Spirit   .     H - +1 cloak
rCorr  .         Warding  .     (gloves unavailable)
rMut   .         NoTele   +     (boots unavailable)
MR     +++..                    (no amulet)
Stlth  ++++......               q - +3 ring of intelligence
                                p - +3 ring of intelligence

@: very quick, extremely resistant to hostile enchantments, stealthy
A: unfitting armour, see invisible, herbivore 3, speed 3, slow metabolism 2
a: Renounce Religion


You were in the Dungeon.
You worshipped Vehumet.
Vehumet was exalted by your worship.
You were very full.

You visited 1 branch You collected 1914 gold pieces.
You spent 1805 gold pieces at shops.

Inventory:

Hand weapons
 o - a +2 rapier of draining
 D - a +5 blowgun
 G - a +8 quick blade (weapon)
Armour
 w - a +2 robe of magic resistance (worn)
 H - a +1 cloak (worn)
Magical staves
 n - an uncursed staff of energy
Jewellery
 p - a +3 ring of intelligence (left hand)
 q - a +3 ring of intelligence (right hand)
 B - an uncursed ring of protection from fire
 E - an uncursed ring of fire
 F - an uncursed ring of protection from fire
Magical devices
 m - a wand of fire (7)
Scrolls
 j - 6 scrolls of blinking
 k - 9 scrolls of remove curse
 l - 3 scrolls of amnesia
 s - 8 scrolls of enchant armour
 t - 2 scrolls of fear
 x - 2 scrolls of immolation
 y - 2 scrolls of fog
 z - 16 scrolls of identify
 A - 2 scrolls of recharging
 C - a scroll of summoning
Potions
 a - a potion of cure mutation
 e - 7 potions of curing
 f - 13 potions of heal wounds
 g - a potion of invisibility
 h - 4 potions of magic
 i - 2 potions of berserk rage
 r - a potion of agility
Books
 c - a book of Maledictions

   Spells                             Type                      Level
   a - Corona                         Hexes                        1
   b - Sure Blade                     Hexes/Charms                 2
   c - Ensorcelled Hibernation        Hexes/Ice                    2
   d - Confuse                        Hexes                        3
   e - Dazzling Spray                 Conjuration/Hexes            3
   f - Enslavement                    Hexes                        4
Comestibles
 d - 13 bread rations
 u - 32 fruits


   Skills:
 + Level 13.0 Fighting
 - Level 9.8 Short Blades
 - Level 19.6 Dodging
 - Level 17.7 Stealth
 - Level 17.9 Spellcasting
 - Level 7.8 Hexes


You had 12 spell levels left.
You knew the following spells:

 Your Spells              Type           Power        Failure   Level  Hunger
a - Corona                Hex            ######.      1%          1    None
b - Ensorcelled Hibernat  Hex/Ice        #####.       1%          2    None
c - Confuse               Hex            ######..     1%          3    None
d - Sure Blade            Hex/Chrm       #####.....   1%          2    None
e - Dazzling Spray        Conj/Hex       #####...     1%          3    None
f - Enslavement           Hex            ######..     1%          4    None
g - Shock                 Conj/Air       ####         1%          1    None
h - Iron Shot             Conj/Erth      ####......   86%         6    ##.....
i - Iskenderun's Battles  Conj/Chrm      ####....     21%         5    None
j - Orb of Destruction    Conj           ####......   100%        7    ####...


Dungeon Overview and Level Annotations

Branches:
Dungeon (1/1)

Altars:
Cheibriados
Dithmenos
Elyvilon
Fedhas
Gozag
Kikubaaqudgha
Makhleb
Nemelex Xobeh
Okawaru
Qazlal
Ru
Sif Muna
Trog
Vehumet
Xom
Yredelemnul
Zin
The Shining One
Beogh
Jiyva
Lugonu

Shops:
D (?


Innate Abilities, Weirdness & Mutations

You are tiny and cannot use many weapons and most armour.
You have supernaturally acute eyesight.
You are a herbivore.
You cover ground extremely quickly.
You need consume almost no food.


Message History

Ouch! That really hurt!
* * * LOW HITPOINT WARNING * * *
Casting: Confuse
Confirm with . or Enter, or press ? or * to list all spells.
Aiming: Confuse
Press: ? - help, Shift-Dir - straight line, f/p - water nymph
Aim: a water nymph (heavily wounded, inspired to greatness, chance 14%)
The water nymph resists with almost no effort.
The water nymph completely misses you.
The satyr plays a frightful melody on his pipes!
The satyr radiates an aura of fear!
You resist with almost no effort.
Casting: Confuse
Confirm with . or Enter, or press ? or * to list all spells.
Aiming: Confuse
Press: ? - help, Shift-Dir - straight line, f/p - water nymph
Aim: a water nymph (heavily wounded, inspired to greatness, chance 14%)
The water nymph resists with almost no effort.
The water nymph points at you and mumbles some strange words.
The water swirls and strikes you!
You die...

,*,*,*,*,*,*,*,▓+▓.▓[▓.▓.▓.▓.▓.▓_
,*,*,*,*,*,*,*,▓.▓.▓[▓.▓)▓.▓.▓.▓_
,*,*,*,*,*,*,*,▓S▓.▓.▓.▓.▓.▓÷▓.▓_
,*,*,*,*,*,*,*,▓m▓.▓)▓.▓.▓.▓.▓.▓_
,*,*+*,*,*,*,*,▓c▓.▓)▓.▓.▓.▓'▓.▓_
,*,*,*,*,*,*,*,▓m▓.▓)▓.▓.▓.▓.▓.▓_
,*,*,*,*,*,*,*,▓c▓.▓)▓.▓.▓.▓.▓.▓_
,*,*,*,*,*,*,*,▓m▓.▓%▓.▓.▓.▓.▓.▓_
,*,*,*,*,*,*+*,▓@▓.▓)▓.▓)▓.▓.▓.▓'
,*,*,*,*,*,*,*,▓.▓.▓)▓.▓)▓.▓†▓.▓.
,*,*,*,*,*,*,*,▓'▓.▓)▓.▓)▓.▓)▓.▓.
,*,*,*,*,*,*,*,▓.▓.▓.▓.▓)▓.▓)▓.▓.
,*,*,*,*,*,*,*,▓.▓.▓.▓.▓'▓.▓÷▓.▓.
,*,*,*,*+*,*,*,▓.▓.▓.▓.▓[▓.▓.▓.▓(
,*,*,*,*,*,*,*,▓.▓.▓.▓.▓.▓.▓.▓.▓'
+*,*,*,*,*,*,*,▓(▓.▓=▓.▓.▓.▓.▓.▓.
,*,*,*,*,*,*,*,▓.▓.▓'▓.▓.▓.▓.▓.▓.


You could see a merfolk impaler, 2 satyrs, a sea snake (roused), a merfolk
(roused) and a water nymph (roused).

Vanquished Creatures
  A fire giant (D)
  A fire dragon (D)
  A centaur warrior (D)
  A great orb of eyes (D)
  An ice dragon (D)
  A satyr (D)
  A death yak (D)
  An orc high priest (D)
  Erolcha (D)
  A hill giant (D)
  3 orc knights (D)
  A deep elf conjurer (D)
  A cyclops (D)
  3 orc sorcerers (D)
  2 ugly things (D)
  2 griffons (D)
  5 spiny frogs (D)
  An orange demon (D)
  2 komodo dragons (D)
  A troll (D)
  A queen bee (shapeshifter) (D)
  A polar bear (shapeshifter) (D)
  4 polar bears (D)
  A blue devil (D)
  2 basilisks (D)
  A slime creature (D)
  A yak (D)
  A hippogriff (D)
  A soldier ant (D)
  A wolf (D)
  10 orc warriors (D)
  5 black bears (D)
  A sky beast (D)
  An ice beast (D)
  A centaur (D)
  2 giant frogs (D)
  2 orc priests (D)
  5 orc wizards (D)
  2 iguanas (D)
  An adder (D)
  2 orc zombies (D)
  A giant mite (D)
  18 orcs (D)
  2 bats (D)
  A goblin (D)
  A jackal (D)
  2 giant cockroaches (D)
  4 kobolds (D)
  A rat (D)
107 creatures vanquished.

Vanquished Creatures (others)
  An iguana (D)
1 creature vanquished.

Grand Total: 108 creatures vanquished

Notes
Turn   | Place    | Note
--------------------------------------------------------------
     0 | D        | BluebellGnoll, the Spriggan Enchanter, began the quest for the Orb.
     0 | D        | Reached XP level 1. HP: 9/9 MP: 4/4
    10 | D        | Reached skill level 5 in Stealth
    23 | D        | Reached skill level 6 in Stealth
   188 | D        | Reached skill level 7 in Stealth
   198 | D        | Reached XP level 2. HP: 4/13 MP: 7/7
   208 | D        | Reached skill level 8 in Stealth
   211 | D        | Reached skill level 9 in Stealth
   223 | D        | Found a glowing silver altar of Zin.
   223 | D        | Found a glowing golden altar of the Shining One.
   223 | D        | Found an ancient bone altar of Kikubaaqudgha.
   223 | D        | Found a basalt altar of Yredelemnul.
   223 | D        | Found a shimmering altar of Xom.
   223 | D        | Found a radiant altar of Vehumet.
   223 | D        | Found an iron altar of Okawaru.
   224 | D        | Found a burning altar of Makhleb.
   225 | D        | Found a deep blue altar of Sif Muna.
   226 | D        | Found a bloodstained altar of Trog.
   227 | D        | Found a sparkling altar of Nemelex Xobeh.
   228 | D        | Found a white marble altar of Elyvilon.
   229 | D        | Found a roughly hewn altar of Beogh.
   230 | D        | Found a viscous altar of Jiyva.
   231 | D        | Became a worshipper of Vehumet
   232 | D        | Found a corrupted altar of Lugonu.
   233 | D        | Found a blossoming altar of Fedhas.
   234 | D        | Found a snail-covered altar of Cheibriados.
   235 | D        | Found a shadowy altar of Dithmenos.
   236 | D        | Found a stormy altar of Qazlal.
   237 | D        | Found an opulent altar of Gozag.
   238 | D        | Found a sacrificial altar of Ru.
   272 | D        | Learned a level 2 spell: Ensorcelled Hibernation
   453 | D        | Noticed an orc wizard
   453 | D        | Noticed a black bear
   453 | D        | Noticed an orc wizard
   453 | D        | Noticed a sky beast
   464 | D        | Killed a sky beast
   464 | D        | Reached XP level 3. HP: 7/16 MP: 4/17
   464 | D        | Reached XP level 4. HP: 9/21 MP: 4/20
   477 | D        | Learned a level 3 spell: Confuse
   480 | D        | Learned a level 2 spell: Sure Blade
   482 | D        | Killed an orc wizard
   482 | D        | Reached XP level 5. HP: 4/24 MP: 2/22
   510 | D        | Learned a level 3 spell: Dazzling Spray
   515 | D        | Learned a level 4 spell: Enslavement
   743 | D        | Killed a black bear
   743 | D        | Acquired Vehumet's first power
   743 | D        | Offered knowledge of Shock by Vehumet.
   743 | D        | Reached skill level 11 in Stealth
   761 | D        | Killed an orc wizard
   765 | D        | Learned a level 1 spell: Shock
   798 | D        | Noticed an orc warrior
   798 | D        | Noticed a centaur warrior
   798 | D        | Noticed a hill giant
   798 | D        | Noticed a basilisk
   798 | D        | Noticed a giant frog
   798 | D        | Noticed an orc warrior
   804 | D        | Killed an orc warrior
   804 | D        | Offered knowledge of Throw Flame by Vehumet.
   804 | D        | Reached skill level 13 in Stealth
   804 | D        | Reached XP level 6. HP: 28/28 MP: 19/24
   806 | D        | Killed a giant frog
   806 | D        | Reached skill level 10 in Dodging
   813 | D        | Killed a basilisk
   813 | D        | Reached skill level 15 in Stealth
   813 | D        | Reached XP level 7. HP: 32/32 MP: 21/25
   841 | D        | Killed a centaur warrior
   841 | D        | Acquired Vehumet's second power
   841 | D        | Reached skill level 17 in Stealth
   917 | D        | Killed a hill giant
   917 | D        | Reached skill level 10 in Spellcasting
   917 | D        | Reached XP level 8. HP: 36/36 MP: 23/29
   939 | D        | Killed an orc warrior
   939 | D        | Reached skill level 5 in Short Blades
  1058 | D        | Noticed an iguana
  1058 | D        | Noticed a hippogriff
  1058 | D        | Noticed an iguana
  1058 | D        | Noticed a komodo dragon
  1058 | D        | Noticed an iguana
  1058 | D        | Noticed a spiny frog
  1059 | D        | Noticed a komodo dragon
  1061 | D        | Offered knowledge of Throw Frost by Vehumet.
  1067 | D        | Killed a komodo dragon
  1067 | D        | Acquired Vehumet's third power
  1076 | D        | Killed a spiny frog
  1088 | D        | Killed an iguana
  1093 | D        | Killed an iguana
  1099 | D        | Killed a hippogriff
  1099 | D        | Reached XP level 9. HP: 20/39 MP: 24/30
  1109 | D        | Noticed a spiny frog
  1114 | D        | Killed an iguana
  1119 | D        | Killed a komodo dragon
  1119 | D        | Reached skill level 15 in Dodging
  1127 | D        | Killed a spiny frog
  1242 | D        | Noticed a griffon
  1242 | D        | Noticed a death yak
  1242 | D        | Noticed a giant frog
  1242 | D        | Noticed a wolf
  1242 | D        | Noticed a spiny frog
  1242 | D        | Noticed a spiny frog
  1242 | D        | Noticed a yak
  1243 | D        | Noticed a spiny frog
  1246 | D        | Killed a yak
  1246 | D        | Offered knowledge of Airstrike by Vehumet.
  1249 | D        | Noticed a griffon
  1249 | D        | Killed a spiny frog
  1253 | D        | Killed a spiny frog
  1253 | D        | Reached skill level 5 in Fighting
  1255 | D        | Killed a wolf
  1257 | D        | Killed a giant frog
  1290 | D        | Killed a death yak
  1290 | D        | Reached XP level 10. HP: 46/57 MP: 4/31
  1295 | D        | Killed a griffon
  1298 | D        | Killed a spiny frog
  1312 | D        | Killed a griffon
  1312 | D        | Reached skill level 10 in Fighting
  1437 | D        | Noticed a black bear
  1437 | D        | Noticed a polar bear
  1437 | D        | Noticed a polar bear
  1437 | D        | Noticed a polar bear
  1437 | D        | Noticed a black bear
  1437 | D        | Noticed a black bear
  1437 | D        | Noticed a polar bear
  1438 | D        | Noticed a black bear
  1439 | D        | Killed a polar bear
  1439 | D        | Offered knowledge of Iskenderun's Battlesphere by Vehumet.
  1448 | D        | Learned a level 5 spell: Iskenderun's Battlesphere
  1457 | D        | Killed a black bear
  1457 | D        | Offered knowledge of Ozocubu's Refrigeration by Vehumet.
  1458 | D        | Killed a black bear
  1459 | D        | Killed a black bear
  1474 | D        | Killed a polar bear
  1513 | D        | Killed a polar bear
  1517 | D        | Killed a black bear
  1522 | D        | Killed a polar bear
  1641 | D        | Noticed an orc priest
  1641 | D        | Noticed an orc wizard
  1641 | D        | Noticed an orc wizard
  1643 | D        | Killed an orc wizard
  1644 | D        | Noticed an orc wizard
  1645 | D        | Killed an orc wizard
  1650 | D        | Offered knowledge of Olgreb's Toxic Radiance by Vehumet.
  1653 | D        | Killed an orc priest
  1662 | D        | Killed an orc wizard
  1674 | D        | Noticed an orc priest
  1683 | D        | Killed an orc priest
  1738 | D        | Noticed an orc warrior
  1738 | D        | Noticed an orc warrior
  1738 | D        | Noticed an orc warrior
  1738 | D        | Noticed an orc warrior
  1738 | D        | Noticed an orc warrior
  1738 | D        | Noticed an orc warrior
  1739 | D        | Noticed an orc warrior
  1740 | D        | Killed an orc warrior
  1741 | D        | Noticed an orc knight
  1747 | D        | Killed an orc warrior
  1749 | D        | Noticed an orc knight
  1752 | D        | Noticed an orc warrior
  1753 | D        | Noticed an orc sorcerer
  1754 | D        | Killed an orc warrior
  1769 | D        | Killed an orc warrior
  1774 | D        | Killed an orc warrior
  1790 | D        | Killed an orc warrior
  1815 | D        | Noticed a rust devil
  1915 | D        | Noticed a sun demon
  1932 | D        | Killed an orc knight
  1947 | D        | Killed an orc sorcerer
  1954 | D        | Killed an orc knight
  1954 | D        | Reached skill level 18 in Dodging
  1965 | D        | Killed an orc warrior
  1965 | D        | Offered knowledge of Spellforged Servitor by Vehumet.
  2078 | D        | Killed an orc warrior
  2101 | D        | Found Irhoer's Magic Scroll Boutique.
  2101 | D        | Noticed an orc sorcerer
  2101 | D        | Noticed an orc knight
  2101 | D        | Noticed an orc high priest
  2102 | D        | Found Geshev's Magic Scroll Shop.
  2108 | D        | Killed an orc high priest
  2108 | D        | Reached skill level 19 in Dodging
  2108 | D        | Reached XP level 11. HP: 57/66 MP: 32/32
  2151 | D        | Killed an orc sorcerer
  2165 | D        | Offered knowledge of Iron Shot by Vehumet.
  2173 | D        | Learned a level 6 spell: Iron Shot
  2182 | D        | Killed an orc knight
  2222 | D        | Found Maem's Magic Scroll Boutique.
  2226 | D        | Found Pyurphob's Antique Weapon Shop.
  2236 | D        | Noticed an orc sorcerer
  2242 | D        | Offered knowledge of Poison Arrow by Vehumet.
  2255 | D        | Killed an orc sorcerer
  2303 | D        | Bought a scroll of enchant weapon for 105 gold pieces
  2303 | D        | Bought a scroll of immolation for 49 gold pieces
  2303 | D        | Bought a scroll of amnesia for 49 gold pieces
  2303 | D        | Bought a scroll of random uselessness for 14 gold pieces
  2303 | D        | Bought a scroll of identify for 28 gold pieces
  2303 | D        | Bought a scroll of recharging for 133 gold pieces
  2303 | D        | Bought a scroll of remove curse for 42 gold pieces
  2303 | D        | Bought a scroll of immolation for 49 gold pieces
  2303 | D        | Bought a scroll of enchant armour for 105 gold pieces
  2303 | D        | Bought a scroll of remove curse for 42 gold pieces
  2306 | D        | Bought a scroll of blinking for 82 gold pieces
  2306 | D        | Bought a scroll of fog for 22 gold pieces
  2306 | D        | Bought a scroll of enchant armour for 82 gold pieces
  2306 | D        | Bought a scroll of enchant armour for 82 gold pieces
  2306 | D        | Bought a scroll of identify for 22 gold pieces
  2306 | D        | Bought a scroll of identify for 22 gold pieces
  2306 | D        | Bought a scroll of identify for 22 gold pieces
  2306 | D        | Bought a scroll of identify for 22 gold pieces
  2306 | D        | Bought a scroll of remove curse for 33 gold pieces
  2306 | D        | Bought a scroll of identify for 22 gold pieces
  2306 | D        | Bought a scroll of identify for 22 gold pieces
  2308 | D        | Bought 3 scrolls of remove curse for 108 gold pieces
  2308 | D        | Bought a scroll of recharging for 114 gold pieces
  2308 | D        | Bought a scroll of enchant armour for 90 gold pieces
  2308 | D        | Bought a scroll of magic mapping for 42 gold pieces
  2308 | D        | Bought a scroll of identify for 24 gold pieces
  2308 | D        | Bought a scroll of summoning for 114 gold pieces
  2308 | D        | Bought a scroll of identify for 24 gold pieces
  2308 | D        | Bought a scroll of identify for 24 gold pieces
  2308 | D        | Bought 2 scrolls of identify for 48 gold pieces
  2308 | D        | Bought a scroll of identify for 24 gold pieces
  2308 | D        | Bought a scroll of identify for 24 gold pieces
  2308 | D        | Bought a scroll of identify for 24 gold pieces
  2308 | D        | Bought a scroll of identify for 24 gold pieces
  2314 | D        | Bought a glowing blowgun for 72 gold pieces
  2330 | D        | Noticed Erolcha
  2337 | D        | Killed Erolcha
  2474 | D        | Noticed an unseen horror
  2474 | D        | Noticed a slime creature
  2474 | D        | Noticed an ice beast
  2474 | D        | Noticed a cyclops
  2474 | D        | Noticed a troll
  2474 | D        | Noticed a soldier ant
  2474 | D        | Noticed a basilisk
  2475 | D        | Noticed a red ugly thing
  2476 | D        | Killed a basilisk
  2477 | D        | Noticed a fire dragon
  2478 | D        | Killed a soldier ant
  2479 | D        | Noticed an ice dragon
  2493 | D        | Killed a cyclops
  2501 | D        | Killed an ice beast
  2506 | D        | Killed a troll
  2509 | D        | Noticed a fire giant
  2510 | D        | Killed a slime creature
  2561 | D        | Killed a red ugly thing
  2561 | D        | Reached skill level 15 in Spellcasting
  2563 | D        | Noticed a great orb of eyes
  2601 | D        | Killed an ice dragon
  2601 | D        | Offered knowledge of Orb of Destruction by Vehumet.
  2614 | D        | Learned a level 7 spell: Orb of Destruction
  2622 | D        | Killed a fire dragon
  2639 | D        | Killed a fire giant
  2661 | D        | Killed a great orb of eyes
  2815 | D        | Noticed a deep elf conjurer
  2816 | D        | Noticed a cyan ugly thing
  2825 | D        | Killed a deep elf conjurer
  2831 | D        | Killed a cyan ugly thing
  2931 | D        | Noticed a satyr
  2931 | D        | Noticed a merfolk impaler
  2931 | D        | Noticed a satyr
  2931 | D        | Noticed a water nymph
  2931 | D        | Noticed a satyr
  2931 | D        | Noticed a centaur
  2932 | D        | Noticed a merfolk
  2933 | D        | Noticed a sea snake
  2937 | D        | Killed a centaur
  2937 | D        | Offered knowledge of Poisonous Cloud by Vehumet.
  2942 | D        | Killed a satyr
  2942 | D        | Reached XP level 12. HP: 71/73 MP: 38/38
  2948 | D        | Killed from afar by a water nymph

Action                   |  1- 3 |  4- 6 |  7- 9 | 10-12 || total
-------------------------+-------+-------+-------+-------++-------
Melee: Dagger            |    48 |       |       |       ||    48
       Rapier            |     3 |    25 |    48 |   154 ||   230
       Quick blade       |       |       |       |     6 ||     6
 Cast: Corona            |     8 |       |       |       ||     8
       Ensorcelled Hiber |     1 |     3 |    13 |    31 ||    48
       Confuse           |       |     4 |    16 |    37 ||    57
       Sure Blade        |       |     1 |     1 |     1 ||     3
       Shock             |       |       |       |    16 ||    16
  Use: Potion            |     1 |       |       |       ||     1
       Scroll            |       |       |       |     7 ||     7
 Stab: Sleeping          |     1 |     2 |     9 |    27 ||    39
       Confused          |       |     4 |     7 |    24 ||    35
  Eat: Fruit             |       |       |       |     8 ||     8
